 Dungeon Crawl Stone Soup version 0.25.1-8-g42b30a86e7 (webtiles) character file.

Game seed: 15863669858691887234

7153 Clowwww the Cleaver (level 10, 0/76 (77) HPs)
             Began as a Demonspawn Fighter on Dec 6, 2020.
             Was a Follower of Ashenzari.
             Slain by an unseen horror (2 damage)
             ... on level 10 of the Dungeon.
             The game lasted 00:29:50 (10217 turns).

Clowwww the Cleaver (Demonspawn Fighter)           Turns: 10217, Time: 00:29:51

HP:   0/76 (77)     AC: 18    Str: 19    XL:     10   Next: 86%
MP:   10/10         EV: 10    Int: 10    God:    Ashenzari [*.....]
Gold: 390           SH: 11    Dex: 19    Spells: 9/9 levels left

rFire    . . .     SeeInvis .   a - +2 war axe (curse)
rCold    + . .     Gourm    .   c - +0 kite shield
rNeg     . . .     Faith    .   b - +0 scale mail
rPois    .         Spirit   .   e - +0 helmet (curse)
rElec    .         Reflect  .   k - +1 cloak (curse)
rCorr    .         Harm     .   G - +0 pair of gloves (curse)
MR       +....                  r - +2 pair of boots (curse)
Stlth    +.........             (no amulet)
HPRegen  0.22/turn              E - +6 ring of dexterity (curse)
MPRegen  0.12/turn              H - ring of protection from magic

@: no status effects
A: claws 2, thin metallic scales 1, cold resistance 1, demonic guardian 1
a: Curse Item, Scrying, Renounce Religion


You were on level 10 of the Dungeon.
You worshipped Ashenzari.
Ashenzari was aware of your devotion.
You were not hungry.

You visited 2 branches of the dungeon, and saw 11 of its levels.

You collected 535 gold pieces.
You spent 145 gold pieces at shops.

Inventory:

Hand Weapons
 a - a cursed +2 war axe (weapon)
Missiles
 m - 10 boomerangs (quivered)
Armour
 b - a +0 scale mail (worn)
 c - a +0 kite shield (worn)
 e - a cursed +0 helmet (worn)
 k - a cursed +1 cloak (worn)
 r - a cursed +2 pair of boots (worn)
 G - a cursed +0 pair of gloves (worn)
Jewellery
 g - an uncursed ring of magical power
 i - an uncursed ring of protection from cold
 p - a +6 ring of intelligence
 E - a cursed +6 ring of dexterity (left hand)
 F - a +6 ring of intelligence
 H - a ring of protection from magic (right hand)
Wands
 y - a wand of iceblast (5)
 B - a wand of flame (13)
 C - a wand of paralysis (6)
 K - a wand of acid (12)
Scrolls
 n - 4 scrolls of remove curse
 o - a scroll of blinking
 q - 3 scrolls of fear
 u - 5 scrolls of teleportation
 v - a scroll of magic mapping
 I - a scroll of identify
Potions
 d - 2 potions of might
 h - 3 potions of curing
 j - 3 potions of flight
 l - 3 potions of cancellation
 s - 2 potions of resistance {unknown}
 t - a potion of invisibility
 w - a potion of stabbing
 x - a potion of brilliance
 z - a potion of heal wounds {unknown}
 A - a potion of berserk rage
 D - 2 potions of magic {unknown}
Comestibles
 f - 23 rations
 L - 4 chunks of flesh


   Skills:
 + Level 6.8 Fighting
 + Level 10.0 Axes
 + Level 3.1 Throwing
 + Level 7.3 Armour
 + Level 3.1 Dodging
 + Level 1.8 Stealth
 + Level 6.4 Shields
 + Level 1.1 Evocations


You had 9 spell levels left.
You didn't know any spells.
Your spell library contained the following spells:

 Spells                   Type           Power        Failure   Level  Hunger
 Sting                    Tmut/Pois      #...         97%         1    ##.....
 Poisonous Vapours        Pois/Air       #.....       99%         2    ###....
 Ignite Poison            Fire/Tmut/Pois #.......     100%        3    ####...
 Mephitic Cloud           Conj/Pois/Air  #.......     100%        3    ####...
 Olgreb's Toxic Radiance  Pois           #.......     100%        4    #####..


Dungeon Overview and Level Annotations

Branches:
Dungeon (10/15)            Temple (1/1) D:7            Lair (0/6) D:9
    Orc (0/2) D:9

Altars:
Ashenzari
Cheibriados
Dithmenos
Elyvilon
Fedhas
Gozag
Hepliaklqana
Kikubaaqudgha
Makhleb
Nemelex Xobeh
Okawaru
Qazlal
Ru
Sif Muna
Trog
Uskayaw
Vehumet
Wu Jian
Xom
Yredelemnul
Zin
The Shining One

Shops:
D:6 ?


Innate Abilities, Weirdness & Mutations

You have very sharp fingernails.
You are partially covered in thin metallic scales. (AC +2)
Your flesh is cold resistant. (rC+)
A weak demonic guardian rushes to your aid.


Message History

You barely miss something. Something hits you!
* * * LOW HITPOINT WARNING * * *
Okay, then.
Okay, then.
Something hits you but does no damage. You block something's attack.
Something hits you but does no damage. Something hits you.
* * * LOW HITPOINT WARNING * * *
Found a +0 quarterstaff.
Something completely misses you.
Found a metal-bound book.
Something hits you.
* * * LOW HITPOINT WARNING * * *
Something hits you.
* * * LOW HITPOINT WARNING * * *
There is a stone staircase leading up, spattered with blood here.
Something hits you.
* * * LOW HITPOINT WARNING * * *
Something hits you.
You die...

..........#.........
........###......##
........'........#
........#.))....(#
....#####.)......#
### ............#
...[.........######:
.............{.......
....(........@.......
.....................
(....................
######...........
#...).####.. #.....#
.. #.....# #.....#


There were no monsters in sight!

Vanquished Creatures
  A hydra (D:8)
  2 two-headed ogres
  The ghost of kthxbai the Jinx, a novice SpEn of Kikubaaqudgha (D:7)
  A troll (D:10)
  Sigmund (D:5)
  9 yaks (D:9)
  2 hungry ghosts
  Menkaure (D:5)
  A water moccasin (D:9)
  4 orc warriors
  4 ogres
  2 necrophages
  6 bullfrogs
  4 scorpions
  2 crimson imps
  A wyvern simulacrum (D:7)
  A centaur zombie (D:7)
  5 hounds
  An orc priest (D:9)
  5 orc wizards
  2 jellies
  2 iguanas
  5 worker ants
  A hound zombie (D:5)
  A worker ant zombie (D:10)
  Robin (D:3)
  A howler monkey skeleton (D:6)
  8 gnolls
  18 adders
  3 oozes
  An adder skeleton (D:4)
  4 worms
  6 leopard geckos
  29 orcs
  8 giant cockroaches
  4 hobgoblins
  3 jackals (D:4)
  8 quokkas
  11 bats
  4 frilled lizards
  20 goblins
  A jackal zombie (D:8)
  6 kobolds
  2 leopard gecko skeletons
  2 quokka skeletons
  13 rats
218 creatures vanquished.

Vanquished Creatures (collateral kills)
  A troll (D:9)
  A spriggan (D:7)
  A yak (D:9)
  A jelly (D:10)
  An orc priest (D:3)
  A centaur skeleton (D:7)
  An orc (D:3)
  3 goblins (D:3)
  A hobgoblin (D:3)
  A kobold (D:3)
12 creatures vanquished.

Vanquished Creatures (others)
  A fungus (D:9)
1 creature vanquished.

Grand Total: 231 creatures vanquished

Notes
Turn   | Place    | Note
-------+----------+-------------------------------------------
     0 | D:1      | Clowwww the Demonspawn Fighter began the quest for the Orb.
     0 | D:1      | Reached XP level 1. HP: 18/18 MP: 1/1
   223 | D:1      | Gained mutation: You have sharp fingernails. [demonic
                  | ancestry]
   223 | D:1      | Reached XP level 2. HP: 22/24 MP: 2/2
   827 | D:2      | Reached skill level 2 in Axes
   948 | D:2      | Gained mutation: A weak demonic guardian rushes to your
                  | aid. [demonic ancestry]
   948 | D:2      | Reached XP level 3. HP: 27/29 MP: 3/3
  1380 | D:2      | Gained mutation: You have very sharp fingernails. [demonic
                  | ancestry]
  1380 | D:2      | Reached XP level 4. HP: 21/35 MP: 4/4
  1733 | D:3      | Reached skill level 3 in Axes
  1860 | D:3      | Noticed Robin
  1863 | D:3      | Gained mutation: You are partially covered in thin metallic
                  | scales. (AC +2) [demonic ancestry]
  1863 | D:3      | Reached XP level 5. HP: 40/41 MP: 5/5
  1874 | D:3      | Killed Robin
  2102 | D:3      | Found an iron altar of Okawaru.
  2324 | D:3      | Found an opulent altar of Gozag.
  2633 | D:4      | Reached XP level 6. HP: 28/48 MP: 6/6
  3306 | D:4      | Found a stormy altar of Qazlal.
  3425 | D:4      | Reached skill level 4 in Axes
  3443 | D:4      | Reached skill level 1 in Throwing
  3986 | D:5      | Entered Level 5 of the Dungeon
  4310 | D:5      | Reached skill level 1 in Dodging
  4310 | D:5      | Gained mutation: Your flesh is cold resistant. (rC+)
                  | [demonic ancestry]
  4310 | D:5      | Reached XP level 7. HP: 42/54 MP: 7/7
  4396 | D:5      | Noticed Menkaure
  4405 | D:5      | Killed Menkaure
  4530 | D:5      | Found a sacrificial altar of Ru.
  4757 | D:5      | Reached skill level 5 in Axes
  4975 | D:5      | Noticed Sigmund
  5005 | D:5      | Killed Sigmund
  5631 | D:6      | Reached XP level 8. HP: 61/61 MP: 8/8
  5785 | D:6      | Found Muwopp's Magic Scroll Shoppe.
  5830 | D:6      | Bought a scroll of identify for 20 gold pieces
  5830 | D:6      | Bought a scroll of remove curse for 30 gold pieces
  5830 | D:6      | Bought a scroll of enchant armour for 75 gold pieces
  5830 | D:6      | Bought a scroll of identify for 20 gold pieces
  5876 | D:6      | Found a sparkling altar of Nemelex Xobeh.
  5969 | D:6      | Found a white marble altar of Elyvilon.
  6017 | D:6      | Noticed a moth of wrath
  6019 | D:6      | Found a bloodstained altar of Trog.
  6633 | D:7      | Found a staircase to the Ecumenical Temple.
  6643 | Temple   | Entered the Ecumenical Temple
  6703 | Temple   | Became a worshipper of Ashenzari the Shackled
  6850 | D:7      | Reached skill level 6 in Axes
  6850 | D:7      | Reached skill level 5 in Armour
  6984 | D:7      | Found a radiant altar of Vehumet.
  7094 | D:7      | Found a runed translucent gate.
  7100 | D:7      | Found a runed translucent gate.
  7100 | D:7      | Found a runed translucent gate.
  7102 | D:7      | Noticed kthxbai's ghost (novice SpEn)
  7134 | D:7      | Killed kthxbai's ghost
  7246 | D:7      | Reached skill level 1 in Stealth
  7332 | D:7      | Reached skill level 7 in Axes
  7332 | D:7      | Reached XP level 9. HP: 63/65 MP: 9/9
  7339 | D:7      | Reached skill level 5 in Shields
  7571 | D:8      | Noticed a six-headed hydra
  7579 | D:8      | Killed a six-headed hydra
  7579 | D:8      | Reached skill level 5 in Fighting
  7641 | D:8      | Reached skill level 1 in Evocations
  8126 | D:8      | Reached skill level 8 in Axes
  8380 | D:9      | Noticed a two-headed ogre
  8389 | D:9      | Killed a two-headed ogre
  8481 | D:9      | Found a staircase to the Lair.
  8492 | D:9      | Reached * piety under Ashenzari
  8508 | D:9      | Noticed a troll
  8615 | D:9      | Reached XP level 10. HP: 54/75 MP: 10/10
  8818 | D:9      | Found a staircase to the Orcish Mines.
  9384 | D:9      | Reached skill level 9 in Axes
  9885 | D:10     | Entered Level 10 of the Dungeon
  9885 | D:10     | Noticed a two-headed ogre
  9893 | D:10     | Killed a two-headed ogre
  9974 | D:10     | Reached skill level 10 in Axes
 10217 | D:10     | HP: 2/76 [something (5)]
 10217 | D:10     | Slain by an unseen horror

Illustrated notes

Levels and vault maps discovered:
D:1:      lightli_arrival_quake, layout_loops_ring
D:2:      layout_rooms, first_ration
D:3:      layout_rooms, nicolae_overflow_crystal_walls,
          okawaru_metal_pillars_1_2, uniq_robin
D:4:      minmay_door_path, layout_basic, grunt_qazlal_clouds
D:5:      layout_basic, nicolae_ru_the_path_less_chosen, uniq_menkaure,
          uniq_sigmund
D:6:      layout_rooms, tgw_trog, elyvilon_altar_4, serial_shops, shop,
          nemelex_dance_club_becter
D:7:      layout_rooms, vehumet_altar_wand_db, minmay_temple_entry_statues,
          gammafunk_ghost_necromancy, corexii_corridor_pit, the_bakery
D:8:      layout_loops_cross, minmay_microvault
D:9:      layout_gridville, dpeg_oklobed_lair, david_orc_3
D:10:     minmay_separated_statues, layout_irregular_city
Temple:   eino_temple_rhombus

Skill      XL: |  1  2  3  4  5  6  7  8  9 10 |
---------------+-------------------------------+-----
Shields        | 3 4 5 6 |  6.4
Axes           | 2 3 4 5 7 8 10 | 10.0
Armour         | 3 4 5 6 7 |  7.3
Throwing       | 1 2 3 |  3.1
Fighting       | 4 6 |  6.8
Dodging        | 1 2 3 |  3.1
Stealth        | 1 |  1.8
Evocations     | 1 |  1.1

Action                   |  1- 3 |  4- 6 |  7- 9 | 10-12 || total
-------------------------+-------+-------+-------+-------++-------
Melee: War axe           |   110 |   193 |   271 |   159 ||   733
Throw: Javelin           |     3 |    24 |    23 |    23 ||    73
       Boomerang         |       |       |       |    15 ||    15
Invok: Curse Item        |       |       |     6 |       ||     6
Evoke: Wand              |       |       |     7 |       ||     7
  Use: Scroll            |       |    11 |    12 |       ||    23
       Potion            |       |       |     3 |       ||     3
 Stab: Distracted        |       |     1 |     1 |     2 ||     4
  Eat: Chunk             |     2 |     9 |    10 |     7 ||    28
       Ration            |       |       |     1 |       ||     1
Armor: Scale mail        |    67 |   118 |    90 |    88 ||   363
Dodge: Dodged            |    43 |    71 |    91 |    57 ||   262
Block: Kite shield       |    62 |   109 |   134 |    76 ||   381
